 Dungeon Crawl Stone Soup version 0.32-a0-361-g289a535e89 (webtiles) character file.

Game seed: 2106202250540414973

580069 Ruich the Ruinous (level 24, -19/231 HPs)
             Began as a Demigod Conjurer on Feb 19, 2024.
             Demolished by an ettin (43 damage)
             ... spawned from a protean progenitor
             ... on level 4 of the Realm of Zot on Feb 24, 2024.
             The game lasted 07:34:57 (129349 turns).

Ruich the Ruinous (Demigod Conjurer)              Turns: 129349, Time: 07:34:58

Health: -19/231    AC: 21    Str: 11 (12) XL:     24   Next: 66%
Magic:  25/46      EV: 19    Int: 43 (44) God:
Gold:   3713       SH: 18    Dex: 12      Spells: 1/49 levels left

rFire   + + .        H - staff of conjuration {!a}
rCold   + . .        P - +5 kite shield {rN+}
rNeg    + + +        q - quicksilver dragon scales
rPois   +            p - +2 hat of the Orb {rN+ SInv Stlth+}
rElec   +            V - +0 cloak of the Imp {+Inv rElec rN+ Slay+2}
rCorr   +            D - +2 pair of gloves
SInv    +            o - +2 pair of boots
Will    +++..        E - amulet of Vitality {RegenMP++ Regen++}
Stlth   ++++         W - ring of protection from cold
HPRegen 2.18/turn    K - ring "Qorghobe" {rPois rF++ rCorr EV+5 Str-4}
MPRegen 1.10/turn

%: no passive effects
@: slightly contaminated, studying Translocations
A: high MP 1, forlorn, divine attributes, deterioration 1, robust 1
}: 3/15 runes: barnacled, silver, gossamer
a: Evoke Invisibility


You were on level 4 of the Realm of Zot.
You visited 9 branches of the dungeon, and saw 47 of its levels.
You visited the Abyss 1 time.
You also visited: Bailey.

You collected 7223 gold pieces.
You spent 3510 gold pieces at shops.


Innate Abilities, Weirdness & Mutations

You have an increased reservoir of magic. (+10% MP)
You shall have no god before yourself.
Your divine heritage dramatically boosts your attributes as you level up.
Your body sometimes deteriorates upon taking damage.
You are robust. (+10% HP)


   Skills:
 + Level 15.9 Fighting
 + Level 6.6 Armour
 - Level 15.2 Dodging
 + Level 8.1 Stealth
 - Level 15.0 Shields
 - Level 13.4 Spellcasting
 - Level 21.4 Conjurations
 - Level 10.0 Summonings
 - Level 5.0 Translocations
 - Level 10.0 Fire Magic
 - Level 5.0 Ice Magic
 - Level 5.0 Air Magic
 - Level 17.0 Earth Magic
 - Level 8.5 Alchemy
 - Level 7.0 Evocations


You had one spell level left.
You knew the following spells:

 Your Spells              Type           Power      Damage    Failure   Level
b - Lehudib's Crystal Sp  Conj/Erth      69%        10d16     11%         8
c - Freezing Cloud        Conj/Ice/Air   54%        6-21      1%          5
e - Irradiate             Conj/Alch      62%        3d32      1%          5
i - Iskenderun's Mystic   Conj/Tloc      100%       2d19      1%          4
l - Fireball              Conj/Fire      64%        3d24      1%          5
m - Magic Dart            Conj           100%       1d8       0%          1
s - Spellforged Servitor  Conj/Summ      64%        N/A       6%          7
v - Borgnjor's Vile Clut  Necr/Erth      40%        N/A       3%          5
x - Bombard               Conj/Erth      69%        9d11      1%          6
B - Blink                 Tloc           100%       N/A       1%          2

Your spell library contained the following spells:

 Spells                   Type           Power      Damage    Failure   Level
 Foxfire                  Conj/Fire      100%       2x1d9     0%          1
 Sandblast                Erth           100%       2d20      0%          1
 Sting                    Conj/Alch      100%       1d9       0%          1
 Apportation              Tloc           100%       N/A       1%          1
 Kiss of Death            Conj/Necr      100%       2d13      1%          1
 Summon Small Mammal      Summ           100%       N/A       1%          1
 Necrotise                Necr           100%       1d9       4%          1
 Searing Ray              Conj           100%       2d8       0%          2
 Passwall                 Erth           100%       N/A       0%          3
 Stone Arrow              Conj/Erth      100%       3d13      0%          3
 Brom's Barrelling Bould  Conj/Erth      100%       2d11      0%          4
 Call Imp                 Summ           100%       N/A       1%          2
 Lesser Beckoning         Tloc           100%       N/A       1%          2
 Mercury Vapours          Alch/Air       100%       N/A       1%          2
 Momentum Strike          Conj/Tloc      100%       3d10      1%          2
 Call Canine Familiar     Summ           86%        N/A       1%          3
 Dazzling Flash           Conj/Hex       100%       N/A       1%          3
 Gell's Gravitas          Tloc           64%        N/A       1%          3
 Mephitic Cloud           Conj/Alch/Air  100%       N/A       1%          3
 Summon Ice Beast         Ice/Summ       76%        N/A       1%          3
 Teleport Other           Tloc           64%        N/A       1%          3
 Animate Armour           Summ/Erth      100%       N/A       1%          4
 Fulminant Prism          Conj/Alch      62%        3d26      1%          4
 Olgreb's Toxic Radiance  Alch           80%        N/A       1%          4
 Petrify                  Alch/Erth      95%        N/A       1%          4
 Sticky Flame             Fire/Alch      83%        2d13      1%          4
 Summon Blazeheart Golem  Fire/Summ      86%        N/A       1%          4
 Summon Lightning Spire   Summ/Air       75%        N/A       1%          4
 Iskenderun's Battlesphe  Conj           100%       2d15      1%          5
 Lee's Rapid Deconstruct  Erth           54%        3d25*     1%          5
 Starburst                Conj/Fire      64%        6d17      1%          6
 Ensorcelled Hibernation  Hex/Ice        100%       N/A       2%          2
 Alistair's Intoxication  Alch           53%        N/A       3%          5
 Summon Forest            Summ/Tloc      37%        N/A       5%          5
 Jinxbite                 Hex            56%        N/A       7%          2
 Sublimation of Blood     Necr           28%        N/A       7%          2
 Confusing Touch          Hex            28%        N/A       13%         3
 Fugue of the Fallen      Necr           28%        N/A       13%         3
 Summon Mana Viper        Hex/Summ       64%        N/A       16%         5
 Eringya's Noxious Bog    Alch           40%        4d6       21%         6
 Yara's Violent Unravell  Hex/Alch       30%        3d13      22%         5
 Plasma Beam              Fire/Air       37%        2x1d51    30%         6
 Sculpt Simulacrum        Ice/Alch       36%        N/A       38%         6
 Anguish                  Hex/Necr       14%        N/A       41%         4
 Animate Dead             Necr           28%        N/A       41%         4
 Cause Fear               Hex            14%        N/A       41%         4
 Dispel Undead            Necr           28%        3d13      41%         4
 Monstrous Menagerie      Summ           43%        N/A       52%         7
 Summon Hydra             Summ           43%        N/A       52%         7
 Haunt                    Necr/Summ      32%        N/A       99%         7
 Shatter                  Erth           54%        3d41*     99%         9
 Enfeeble                 Hex            14%        N/A       100%        7
 Discord                  Hex            14%        N/A       100%        8
 Infestation              Necr           14%        N/A       100%        8
 Dragon's Call            Summ           43%        N/A       100%        9

Inventory:

Hand Weapons
 i - the +8 Vampire's Tooth {megavamp}
   (You took it off a deep elf annihilator on level 3 of the Elven Halls)
Armour
 o - a +2 pair of boots (worn)
 p - the +2 hat of the Orb (worn) {rN+ SInv Stlth+}
   (You found it on level 5 of the Dungeon)

   rN+:       It protects you from negative energy.
   SInv:      It lets you see invisible.
   Stlth+:    It makes you more stealthy.
 q - quicksilver dragon scales (worn)
 D - a +2 pair of gloves (worn)
 P - a +5 kite shield of positive energy (worn)
 V - the +0 cloak of the Imp (worn) {+Inv rElec rN+ Slay+2}
   (You found it on level 3 of the Elven Halls)

   Slay+2:    It affects your accuracy & damage with ranged weapons and melee
   (+2).
   rElec:     It insulates you from electricity.
   rN+:       It protects you from negative energy.
   +Inv:      It lets you turn invisible.
Magical Staves
 H - a staff of conjuration (weapon) {!a}
 R - the staff "Ozext" {rF+ rN+ Fire, !a}
   (You found it on level 3 of the Elven Halls)

   [staff of fire]

   Base accuracy: +5 Base damage: 5 Base attack delay: 1.2 This weapon's minimum
   attack delay (0.6) is reached at skill level 12.
   rF+:       It protects you from fire.
   rN+:       It protects you from negative energy.
   Fire:      It increases the power of your Fire spells.
   It falls into the 'Staves' category.
   It is a one-handed weapon.
Jewellery
 a - the amulet of the Four Winds {rN+ Will+++ Clar}
   (You found it on level 5 of the Vaults)

   [amulet of nothing]

   rN+:       It protects you from negative energy.
   Will+++:   It greatly increases your willpower.
   Clar:      It protects you from confusion, rage, mesmerisation and fear.
 d - a ring of wizardry
 E - the amulet of Vitality (around neck) {RegenMP++ Regen++}
   (You took it off a yaktaur on level 5 of the Vaults)

   [amulet of magic regeneration]

   RegenMP:   It increases your rate of magic regeneration.
   Regen++:   It increases your rate of health regeneration.
 K - the ring "Qorghobe" (right hand) {rPois rF++ rCorr EV+5 Str-4}
   (You took it off a deep elf demonologist on level 3 of the Elven Halls)

   [ring of evasion]

   EV+5:      It affects your evasion (+5).
   Str-4:     It affects your strength (-4).
   rF++:      It greatly protects you from fire.
   rPois:     It protects you from poison rCorr: It protects you from acid and
   corrosion.
 S - the amulet of the Air {Inacc Air Fly rElec RMsl}
   (You took it off a deep elf annihilator on level 3 of the Elven Halls)

   [amulet of nothing]

   Inacc:     It reduces the accuracy of your attacks and spells.
   Air:       It enhances your air magic.
   rElec:     It insulates you from electricity.
   Fly:       It grants you flight.
   RMsl:      It protects you from missiles.
 W - a ring of protection from cold (left hand)
Wands
 g - a wand of mindburst (6)
 j - a wand of iceblast (72)
 C - a wand of acid (1)
 X - a wand of digging (12)
Scrolls
 b - 7 scrolls of fear
 r - a scroll of amnesia
 t - a scroll of enchant armour
 u - 8 scrolls of vulnerability
 v - 3 scrolls of butterflies
 x - 5 scrolls of fog
 F - 13 scrolls of teleportation {@r2}
 M - 4 scrolls of immolation
 O - 7 scrolls of enchant weapon
 T - 3 scrolls of silence {!r}
 Y - 13 scrolls of poison
Potions
 c - a potion of heal wounds (quivered) {@q2}
 e - 8 potions of enlightenment
 h - 7 potions of mutation
 k - 5 potions of attraction
 l - 4 potions of brilliance
 m - 3 potions of resistance
 n - 13 potions of haste {@q3}
 G - 7 potions of ambrosia
 L - 2 potions of lignification
 N - 10 potions of curing {@q1}
 Z - 3 potions of magic
Miscellaneous
 f - a box of beasts
 s - a phantom mirror
 y - a tin of tremorstones (2/2)
 A - a phial of floods
 J - a lightning rod (4/4)

Dungeon Overview and Level Annotations

Branches:
Dungeon (15/15)            Temple (0/1) D:6            Lair (5/5) D:10
 Shoals (4/4) Lair:3       Spider (4/4) Lair:2        Slime (0/5) Lair:5
    Orc (2/2) D:10            Elf (3/3) Orc:2        Vaults (5/5) D:14
  Crypt (0/3) Vaults:3     Depths (4/4) D:15            Zot (5/5) Depths:4
 Bailey (visited)

Shops:
D:1 !   D:9 *   D:12 [   D:15 ?[:   Orc:2 !(::(([   Elf:1 *   Vaults:1 =
Vaults:4 *   Depths:4 ==:

Portals:
Hell: Depths:1 Depths:2 Depths:3 Depths:4
Abyss: Depths:3
Pandemonium: Depths:2
Ziggurat: Depths:1
Trove: Elf:1 (give 2 scrolls of acquirement)

Annotations:
D:3 2 transporters, exclusion: downstairs
D:4 exclusion: downstairs
D:5 exclusion: downstairs
D:6 exclusion: downstairs
D:9 3 runed translucent doors, jamsaran's ghost, novice MDFE
D:12 exclusion: downstairs
D:13 2 transporters, cforsyth's ghost, adept DjFE
Lair:1 exclusion: downstairs
Lair:3 exclusion: downstairs
Spider:2 Mara!, Mara
Elf:2 3 runed translucent doors
Vaults:3 3 runed translucent doors, Onkach's ghost, adept DjEn
Zot:3 1 runed translucent door, Ruich's ghost, veteran DgCj
Zot:5 1 exclusion

######## ############## .#.....#
#....'.......######## .#[....#
#....#.......#....... .'.....#
#....#.......#.###### .#.....#
#..C@#..^....#.# .#.....#
#.9CC#.......#.# .#.....#
#....#.......#.# .#.....#
#....#.......#.#### #####'##
#....#.......'....# ......#####
#....#.......####'###
.####.....####'#####'######......
.# #####.##.....##..# #......
#### ###.......##.# #......


You could see a protean progenitor (ally target), 2 ettins and a friendly
spellforged servitor (summoned).


Message History

You summon a servant imbued with your destructive magic!
The protean progenitor gurgles horribly!
You block the ettin's attack. The ettin misses you.
* * * LOW HITPOINT WARNING * * *
x2 Unknown command.
Unknown command.
Casting: Spellforged Servitor (dangerous; 5% risk of failure)
Confirm with . or Enter, or press ? or * to list all spells.
You feel a surge of power!
You erupt in a blast of force!
Your spellforged servitor is moderately damaged.
Your spellforged servitor is knocked back by the mystic blast.
Your spellforged servitor slams into the rock wall!
Your spellforged servitor is moderately damaged.
The ettin is moderately wounded.
The ettin is heavily wounded.
* * * LOW HITPOINT WARNING * * *
You block the ettin's attack. The ettin misses you.
You block the ettin's attack. The ettin completely misses you.
You block the ettin's attack.
Unknown command.
Unknown command.
You feel much better. The ettin closely misses you.
The protean progenitor's form wavers with deep exhaustion.
* * * LOW HITPOINT WARNING * * *
Your body deteriorates!
You feel weakened.
* * * LOW HITPOINT WARNING * * *
Unknown command.
You feel much better. You block the ettin's attack.
You die...

Skill      XL: |  1  2  3  4  5  6  7  8  9 10 11 12 13 14 15 16 17 18 19 20 21 22 23 24 |
---------------+-------------------------------------------------------------------------+-----
Dodging        | 2 4 5 7 8 10 11 12 14 15 | 15.2
Stealth        | 2 3 5 6 8 |  8.1
Spellcasting   | 2 3 4 5 6 7 8 9 10 11 12 13 | 13.4
Conjurations   | 4 5 6 7 8 9 10 11 12 13 14 15 16 18 19 20 21 | 21.4
Translocations | 1 2 5 |  5.0
Alchemy        | 2 3 4 5 8 |  8.5
Fighting       | 1 3 5 6 8 9 10 11 12 13 14 15 | 15.9
Shields        | 1 3 7 8 10 11 13 15 | 15.0
Fire Magic     | 7 10 | 10.0
Ice Magic      | 5 |  5.0
Air Magic      | 5 |  5.0
Earth Magic    | 2 9 10 14 15 17 | 17.0
Evocations     | 6 7 |  7.0
Summonings     | 3 10 | 10.0
Armour         | 2 5 6 |  6.6

Action                     |  1- 3 |  4- 6 |  7- 9 | 10-12 | 13-15 | 16-18 | 19-21 | 22-24 || total
---------------------------+-------+-------+-------+-------+-------+-------+-------+-------++-------
  Melee: Whip              |       |     4 |       |       |       |       |       |       ||     4
         Rapier            |       |       |       |       |       |    30 |       |       ||    30
         Staff             |       |       |       |       |       |     2 |       |       ||     2
   Fire: Sling             |       |     1 |     2 |    60 |    46 |       |       |       ||   109
   Cast: Magic Dart        |    82 |    92 |   131 |   269 |   117 |   127 |    33 |       ||   851
         Searing Ray       |       |    23 |    43 |    78 |    41 |       |       |       ||   185
         Fulminant Prism   |       |     7 |    39 |   143 |   146 |    29 |       |       ||   364
         Blink             |       |       |     1 |     4 |    17 |     8 |     1 |    12 ||    43
         Iskenderun's Myst |       |       |     9 |   111 |   128 |   115 |   172 |     9 ||   544
         Olgreb's Toxic Ra |       |       |       |       |   258 |   223 |    16 |       ||   497
         Fireball          |       |       |       |       |   164 |   602 |   501 |    39 ||  1306
         Irradiate         |       |       |       |       |    21 |    14 |    30 |     4 ||    69
         Freezing Cloud    |       |       |       |       |    16 |    33 |    31 |    15 ||    95
         Lee's Rapid Decon |       |       |       |       |       |    31 |    10 |       ||    41
         Alistair's Intoxi |       |       |       |       |       |    15 |    12 |       ||    27
         Bombard           |       |       |       |       |       |       |   285 |   647 ||   932
         Spellforged Servi |       |       |       |       |       |       |   117 |   182 ||   299
         Sublimation of Bl |       |       |       |       |       |       |       |     7 ||     7
         Lehudib's Crystal |       |       |       |       |       |       |       |    10 ||    10
         Borgnjor's Vile C |       |       |       |       |       |       |       |     4 ||     4
  Evoke: Wand              |       |       |     1 |    12 |    11 |       |     7 |     4 ||    35
         Phantom mirror    |       |       |       |       |       |     1 |       |     1 ||     2
         Lightning rod     |       |       |       |       |       |     1 |       |       ||     1
         Phial of floods   |       |       |       |       |       |     1 |       |       ||     1
         Box of beasts     |       |       |       |       |       |       |       |     1 ||     1
    Use: Scroll            |       |     6 |     7 |     9 |    18 |     7 |     7 |    13 ||    67
         Potion            |       |       |     2 |     1 |     5 |    10 |       |    12 ||    30
   Stab: Sleeping          |       |       |       |       |       |     1 |       |       ||     1
 Armour: Robe              |       |    60 |    33 |       |   208 |   562 |   328 |   240 ||  1431
         Steam dragon scal |       |       |    29 |   255 |   244 |       |       |       ||   528
         Scale mail        |       |       |       |       |       |       |    80 |       ||    80
         Skin              |       |       |       |       |       |       |     4 |       ||     4
         Quicksilver drago |       |       |       |       |       |       |       |   122 ||   122
  Dodge: Dodged            |     1 |    50 |    40 |   170 |   323 |   388 |   272 |   265 ||  1509
         Repelled          |       |       |       |       |       |     4 |     3 |       ||     7
  Block: Kite shield       |       |       |       |   159 |   407 |   514 |   311 |   227 ||  1618
         Reflection        |       |       |       |       |       |       |       |     7 ||     7

Levels and vault maps discovered:
D:1:      onia_arrival_handbag, layout_rooms, serial_aquarium,
          aquarium_bridge_square [aquarium_subvault_bridge,
          aquarium_subvault_bridge, aquarium_subvault_bridge,
          aquarium_subvault_wall], aquarium_window_2,
          aquarium_window_corridor_2, aquarium_window_corner, aquarium_view_2d,
          aquarium_view_2a, aquarium_balcony_3b, aquarium_pool_five,
          serial_shops, nicolae_shop_advertising_works
          [nicolae_subvault_shop_adworks], chequers_serial_rivers_large_a,
          minmay_misc_feat_nine_boxes
D:2:      layout_basic, serial_glass, glass_columns_a, glass_columns_a,
          basic_altar, minivault_11
D:3:      layout_rooms, elyvilon_altar_4, eino_tiny_chamber, nrook_mini_vaults,
          goddamned_bats
D:4:      layout_rooms
D:5:      layout_basic, nicolae_dithmenos_shadow_blocks, grunt_decor_clamped,
          uniq_pikel, uniq_edmund
D:6:      layout_basic, lemuel_doored_altar,
          minmay_temple_entry_enclosed_plants, minmay_manual_monstrance,
          uniq_eustachio, uniq_menkaure
D:7:      layout_basic, nicolae_overflow_hidden_temple,
          gammafunk_temple_overflow_wave, uniq_duvessa, uniq_maggie
D:8:      layout_rooms, chequers_temple_overflow_statue_of_worship,
          uniq_prince_ribbit1, uniq_grum, uniq_jeremiah
D:9:      layout_layer_cave, nicolae_qazlal_general_emergency,
          ebering_ghost_gozag, kennysheep_another_room,
          chequers_serial_rivers_large_b, kb_rosetta, uniq_erolcha
D:10:     layout_loops_ring, lair_entry_dummy, orc_0_dummy, enter_bailey_5,
          uniq_urug
D:11:     layout_irregular_city, uniq_harold
D:12:     minmay_tri_stars, layout_stronghold, serial_column_ruins,
          column_ruins_open_small, column_ruins_open_tiny,
          column_ruins_open_small, column_ruins_open_small_water,
          column_ruins_grid_1, serial_shops, nicolae_stop_n_shop_2
D:13:     layout_rooms, gammafunk_ghost_berserking_beasts,
          minmay_misc_feat_rugged, minmay_orc_keep
D:14:     layout_basic, erik_vaults_2
D:15:     gammafunk_depths_entry_grave, layout_basic, serial_shops,
          nicolae_shop_tiny_real_fake_doors, shop, shop, nicolae_zig_zag_zippers
Lair:1:   layout_regular_city
Lair:2:   layout_cave_pods, spider_nest_entry_webs
Lair:3:   layout_misc_corridors, minmay_shoals_entry_lonely_mermaid
Lair:4:   layout_gridlike, lemuel_centaur_altar, lemuel_fruit_fields
Lair:5:   due_jungle_book, layout_long_grid, slime_entry_1, st_stairs_8
Shoals:1: layout_shoals, uniq_louise
Shoals:2: layout_shoals, nicolae_shoals_lost_giant_hut,
          regret_index_shoals_crete
Shoals:3: cheibrodos_shoals_epimethial_gifts, layout_shoals, uniq_roxanne
Shoals:4: shoals_end_hellmonk_holy_island
Spider:1: layout_cave_pods
Spider:2: layout_spider_delve, uniq_jorgrun, uniq_arachne, uniq_nikola
Spider:3: layout_spider_delve, hangedman_spider_tarantella_strand
Spider:4: spider_rune_water, uniq_mara
Orc:1:    layout_caves
Orc:2:    st_orc_elflike, layout_caves, serial_shops, nicolae_diamond_shop,
          nicolae_shop_waterfront, shop
Elf:1:    minmay_the_grid_square_5x5_5x5 [minmay_the_grid_square_5x5_meh,
          minmay_the_grid_square_5x5_gyroscope,
          minmay_the_grid_square_5x5_doubleslash,
          minmay_the_grid_square_5x5_shrine1,
          minmay_the_grid_square_5x5_minivault,
          minmay_the_grid_square_5x5_inner_i,
          minmay_the_grid_square_5x5_prize_open,
          minmay_the_grid_square_5x5_lines,
          minmay_the_grid_square_5x5_prize_snowflake,
          minmay_the_grid_square_5x5_two, minmay_the_grid_square_5x5_spiral,
          minmay_the_grid_square_5x5_six_small,
          minmay_the_grid_square_5x5_prize_junk,
          minmay_the_grid_square_5x5_forky,
          minmay_the_grid_square_5x5_bracketed,
          minmay_the_grid_square_5x5_fancy_junction,
          minmay_the_grid_square_5x5_prize_monsterx,
          minmay_the_grid_square_5x5_tetrominoes,
          minmay_the_grid_square_5x5_prize_waves,
          minmay_the_grid_square_5x5_tri_point,
          minmay_the_grid_square_5x5_empty,
          minmay_the_grid_square_5x5_trominoes,
          minmay_the_grid_square_5x5_spiral_small,
          minmay_the_grid_square_5x5_one_wall,
          minmay_the_grid_square_5x5_corner], layout_onion_city, serial_shops,
          shop, enter_trove_5, nicolae_elf_shapeshifter_party
Elf:2:    nicolae_elf_blades_crystal_corner, layout_loops_corners, uniq_azrael
Elf:3:    minmay_elf_hall_four_x, layout_loops_cross, hangedman_glass_teeth,
          uniq_boris, uniq_bai_suzhen
Vaults:1: ontoclasm_vaults_chip, hangedman_vaults_maws,
          nicolae_vaults_trapezoid_lopsided_3, vaults_dpeg_cross,
          nicolae_vaults_little_squares_1, vaults_mumra_minichess_inversion,
          nicolae_vaults_doubleplus_tesselated, v_misc_30, v_misc_5,
          vaults_room_glass_cross, vaults_dpeg_encased_lava,
          layout_vaults_maze_bifur, serial_shops, nicolae_shop_crystal,
          uniq_saint_roka
Vaults:2: ebering_ghost_disaster_area, nicolae_vaults_bisected_exclaves,
          hangedman_vaults_slice, vaults_mumra_hex,
          nicolae_vaults_little_squares_3, nicolae_vaults_little_squares_4,
          vaults_dpeg_emergency_exit, layout_vaults_omnigrid, uniq_margery
Vaults:3: gammafunk_ghost_ooze, nicolae_vaults_layer_cake_slice,
          minmay_crypt_entry_simple_plaza, vaults_mumra_lcd, vaults_room_grid,
          nicolae_vaults_closet_pinwheel_3, nicolae_vaults_network_quinsquares
          [nicolae_vaults_network_quincunx_subvault,
          nicolae_vaults_network_quincunx_subvault,
          nicolae_vaults_network_quincunx_subvault,
          nicolae_vaults_network_quincunx_subvault], vaults_standard_mumra_x,
          nicolae_vaults_trapezoid_1, nicolae_vaults_network_barrier,
          v_alt_pattern_1, vaults_mumra_chevron, nicolae_vaults_murderbox,
          v_pattern_2, v_misc_27, layout_vaults_big_cross
Vaults:4: v_misc_8, grunt_vaults_funneled_arena, ontoclasm_vaults_idyll,
          v_rooms_4, nicolae_vaults_storage_closets_1, nicolae_vaults_house_1,
          nicolae_vaults_triangles, v_misc_16, grunt_vaults_bifocal,
          hangedman_vaults_capsules, hangedman_vaults_corner,
          nicolae_vaults_tetromino_Z_2, vaults_dpeg_hooks,
          layout_vaults_omnibox, serial_shops, nicolae_shop_hallway_stairs
Vaults:5
Depths:1: layout_gridville, enter_ziggurat_a, pf_coc_iceberg,
          kiku_gazebo_garden_becter, onia_ninara_cookie
Depths:2: kennysheep_bubbly, layout_gridville, hell_entry, pan_entry
Depths:3: kennysheep_room_grid, layout_honeycomb,
          serial_sigils_hangedman_writhe, abyss_entry, hell_entry,
          nicolae_vehumet_altar_sigil, uniq_mennas
Depths:4: evilmike_zot_entry_hall, layout_cave_pools, serial_bayou_ford_a,
          grunt_metal_band, minmay_shop_grove
Zot:1:    layout_gridlike, regret_index_zotdec_dark_gr, grunt_megastairs_5,
          uniq_vv
Zot:2:    layout_gridlike
Zot:3:    grunt_deathspiral_small, layout_cathedral_of_symmetry,
          gammafunk_ghost_grave
Zot:4:    layout_gridlike, grunt_megastairs_2
Zot:5:    layout_misc_corridors, st_stairs_5

Notes
Turn   | Place    | Note
-------+----------+-------------------------------------------
     0 | D:1      | Ruich the Demigod Conjurer began the quest for the Orb.
     0 | D:1      | Reached XP level 1. HP: 14/14 MP: 5/5
   110 | D:1      | Reached skill level 2 in Dodging
   110 | D:1      | Reached skill level 2 in Stealth
   173 | D:1      | Reached skill level 2 in Spellcasting
   173 | D:1      | Reached XP level 2. HP: 19/20 MP: 1/7
   438 | D:1      | Got Xyfit's Secrets of Weird Locality
   442 | D:1      | Learned a level 2 spell: Searing Ray
   493 | D:1      | Reached skill level 4 in Conjurations
   642 | D:1      | Reached XP level 3. HP: 26/26 MP: 5/9
   854 | D:1      | Learned a level 2 spell: Blink
   996 | D:1      | Found Caggouso's Distillery.
  1805 | D:2      | Reached XP level 4. HP: 33/33 MP: 8/10
  2078 | D:3      | Found a transporter.
  2082 | D:3      | Found a transporter.
  2129 | D:3      | Reached skill level 1 in Translocations
  2319 | D:3      | Reached XP level 5. HP: 38/38 MP: 10/12
  2320 | D:3      | Reached skill level 5 in Conjurations
  2420 | D:3      | Reached skill level 3 in Spellcasting
  3073 | D:3      | Learned a level 4 spell: Fulminant Prism
  3430 | D:3      | Reached skill level 2 in Translocations
  3990 | D:3      | Reached XP level 6. HP: 37/45 MP: 6/13
  4580 | D:3      | Reached skill level 1 in Alchemy
  4907 | D:4      | Identified the +0 helmet of the Frog {*Slow rPois Str+3
                  | Int+2}
  5084 | D:5      | Entered Level 5 of the Dungeon
  5320 | D:5      | Reached skill level 6 in Conjurations
  5570 | D:5      | Noticed Pikel
  5939 | D:5      | Reached skill level 2 in Alchemy
  5939 | D:5      | Reached XP level 7. HP: 50/50 MP: 11/15
  6232 | D:5      | Identified the +2 hat of the Orb {rN+ SInv Stlth+}
  6608 | D:5      | Reached skill level 4 in Spellcasting
  6755 | D:5      | Noticed Edmund
  6770 | D:5      | Killed Edmund
  6771 | D:5      | Reached skill level 7 in Conjurations
  6771 | D:5      | Reached skill level 3 in Alchemy
  6783 | D:5      | Reached XP level 8. HP: 53/57 MP: 5/18
  7318 | D:5      | Killed Pikel
  7319 | D:5      | Reached skill level 5 in Spellcasting
  7319 | D:5      | Reached skill level 8 in Conjurations
  7319 | D:5      | Reached skill level 4 in Alchemy
  7862 | D:5      | Learned a level 4 spell: Iskenderun's Mystic Blast
  7943 | D:6      | Noticed Eustachio
  7954 | D:6      | Killed Eustachio
  7955 | D:6      | Reached skill level 1 in Fighting
  8220 | D:6      | Noticed Menkaure
  8363 | D:6      | Killed Menkaure
  8364 | D:6      | Reached XP level 9. HP: 37/64 MP: 15/20
  8943 | D:6      | Reached skill level 2 in Fighting
  8943 | D:6      | Reached skill level 3 in Dodging
  8943 | D:6      | Reached skill level 3 in Translocations
  9298 | D:6      | Reached skill level 5 in Alchemy
  9370 | D:6      | Found a staircase to the Ecumenical Temple.
  9839 | D:7      | Noticed Dowan
  9866 | D:7      | Killed Dowan
  9867 | D:7      | Reached skill level 4 in Translocations
  9869 | D:7      | Noticed Maggie
  9877 | D:7      | Maggie changed into Maggie the ice beast
  9877 | D:7      | Noticed Maggie
  9881 | D:7      | Killed Maggie the ice beast
 10085 | D:7      | Reached skill level 3 in Fighting
 10215 | D:7      | Noticed Duvessa
 10224 | D:7      | Killed Duvessa
 10225 | D:7      | Reached skill level 9 in Conjurations
 10455 | D:7      | Reached skill level 6 in Spellcasting
 10569 | D:6      | Reached skill level 4 in Dodging
 11167 | D:8      | Noticed Grum
 11314 | D:8      | Killed Grum
 11315 | D:8      | Reached skill level 5 in Translocations
 11325 | D:8      | Reached skill level 1 in Shields
 11325 | D:8      | Reached XP level 10. HP: 47/77 MP: 3/23
 11554 | D:8      | Noticed Prince Ribbit
 11573 | D:8      | Killed Prince Ribbit
 11798 | D:8      | Noticed Jeremiah
 12103 | D:8      | Found the +2 ratskin cloak {*Rats rPois rN+ Str-1 Int-1
                  | Dex+1}
 12327 | D:8      | Killed Jeremiah
 12328 | D:8      | Reached skill level 4 in Fighting
 12328 | D:8      | Reached skill level 2 in Shields
 12757 | D:9      | Found a runed translucent gate.
 12758 | D:9      | Found a runed translucent gate.
 12759 | D:9      | Found a runed translucent gate.
 12759 | D:9      | Noticed jamsaran's ghost (novice MDFE)
 12759 | D:9      | Noticed a two-headed ogre
 12761 | D:9      | Noticed a manticore
 12762 | D:9      | Found Zatust's Assorted Antiques.
 12799 | D:9      | Noticed a manticore
 12809 | D:9      | Killed a manticore
 12941 | D:9      | Reached skill level 5 in Dodging
 13381 | D:9      | Reached skill level 3 in Shields
 13504 | D:9      | Noticed a cyclops
 13621 | D:9      | Noticed Erolcha
 14142 | D:9      | Killed a cyclops
 14143 | D:9      | Reached skill level 5 in Fighting
 14143 | D:9      | Reached skill level 7 in Spellcasting
 14628 | D:9      | Noticed a cyclops
 14637 | D:9      | Killed a cyclops
 14665 | D:9      | Killed Erolcha
 15256 | D:10     | Entered Level 10 of the Dungeon
 15256 | D:10     | Found a staircase to the Lair.
 15258 | D:10     | Reached XP level 11. HP: 86/86 MP: 20/25
 15261 | D:10     | Reached skill level 4 in Shields
 15341 | D:10     | Found a flagged portal.
 15579 | D:10     | Reached skill level 10 in Conjurations
 15723 | Bailey   | Entered a bailey
 17186 | Bailey   | Noticed an orc warlord
 17310 | Lair:1   | Entered Level 1 of the Lair of Beasts
 17430 | Lair:1   | Reached skill level 6 in Dodging
 17746 | Lair:1   | Reached skill level 5 in Shields
 18906 | Lair:1   | Reached skill level 6 in Fighting
 19213 | Lair:1   | Noticed a boulder beetle
 19506 | D:10     | Reached skill level 6 in Shields
 19782 | D:10     | Found a staircase to the Orcish Mines.
 20015 | D:10     | Noticed Urug
 20072 | D:10     | Killed Urug
 21594 | Lair:2   | Noticed a seven-headed hydra
 21700 | Lair:2   | Found a hole to the Spider Nest.
 21950 | Lair:2   | Reached skill level 8 in Spellcasting
 22294 | Lair:2   | Reached skill level 7 in Dodging
 22294 | Lair:2   | Reached skill level 7 in Shields
 22612 | Lair:2   | Noticed a catoblepas
 22639 | Lair:2   | Killed a catoblepas
 22640 | Lair:2   | Reached XP level 12. HP: 83/97 MP: 4/28
 23039 | Lair:2   | Noticed a five-headed hydra
 23056 | Lair:2   | Killed a five-headed hydra
 23128 | Lair:2   | Killed a seven-headed hydra
 23571 | Lair:2   | Reached skill level 7 in Fighting
 24363 | Lair:3   | Found a staircase to the Shoals.
 24695 | Lair:3   | Reached skill level 8 in Shields
 24995 | Lair:3   | Noticed a five-headed hydra
 25008 | Lair:3   | Killed a five-headed hydra
 25899 | Lair:4   | Noticed a six-headed hydra
 25949 | Lair:4   | Reached skill level 8 in Dodging
 26718 | Lair:4   | Killed a six-headed hydra
 26873 | Lair:4   | Reached skill level 3 in Stealth
 27564 | Lair:4   | Noticed a four-headed hydra
 27576 | Lair:4   | Killed a four-headed hydra
 27936 | Lair:3   | Reached skill level 8 in Fighting
 28134 | Lair:4   | Reached skill level 11 in Conjurations
 29203 | Lair:4   | Reached XP level 13. HP: 88/107 MP: 29/29
 30072 | Lair:5   | Entered Level 5 of the Lair of Beasts
 30086 | Lair:5   | Reached skill level 4 in Stealth
 30501 | Lair:5   | Reached skill level 9 in Shields
 32803 | Lair:5   | Reached skill level 9 in Dodging
 32803 | Lair:5   | Reached skill level 5 in Stealth
 33787 | Lair:5   | Found a staircase to the Slime Pits.
 34154 | Lair:5   | Reached skill level 9 in Fighting
 35005 | Lair:5   | Noticed a dire elephant
 36849 | Lair:5   | Reached skill level 10 in Shields
 36849 | Lair:5   | Reached skill level 12 in Conjurations
 37369 | D:10     | Learned a level 4 spell: Olgreb's Toxic Radiance
 37442 | Orc:1    | Entered Level 1 of the Orcish Mines
 37738 | Orc:1    | Paralysed by an orc sorcerer for 5 turns
 38107 | Orc:2    | Entered Level 2 of the Orcish Mines
 38107 | Orc:2    | Noticed an orc warlord
 38573 | Orc:1    | Killed an orc warlord
 38574 | Orc:1    | Reached skill level 10 in Dodging
 38574 | Orc:1    | Reached XP level 14. HP: 75/119 MP: 3/30
 39225 | Orc:2    | Found Lych's Distillery.
 39235 | Orc:2    | Reached skill level 10 in Fighting
 39250 | Orc:2    | Reached skill level 6 in Alchemy
 39500 | Orc:2    | Found Zub Zygh's Antique Weapon Shoppe.
 39589 | Orc:2    | Found a staircase to the Elven Halls.
 39700 | Orc:2    | Found Qaos's Armour Boutique.
 39900 | Orc:2    | Reached skill level 7 in Alchemy
 40162 | Orc:2    | Reached skill level 8 in Alchemy
 40804 | Orc:2    | Found Ruomum's Weapon Boutique.
 40804 | Orc:2    | Found Egecimu's Antique Weapon Boutique.
 40805 | Orc:2    | Found Hocinovimo's Book Emporium.
 40805 | Orc:2    | Found Kumog's Book Emporium.
 40809 | Orc:2    | Identified a +0 robe of resistance
 40957 | Orc:2    | Bought a book of Transmutation for 448 gold pieces
 40965 | Orc:2    | Bought a book of Vapours for 442 gold pieces
 40965 | Orc:2    | Bought a book of the Dragon for 714 gold pieces
 41008 | Orc:2    | Learned a level 5 spell: Irradiate
 41014 | Orc:2    | Learned a level 5 spell: Fireball
 41269 | D:11     | Reached skill level 1 in Fire Magic
 41637 | D:11     | Reached skill level 2 in Fire Magic
 41813 | D:11     | Noticed Harold
 41826 | D:11     | Killed Harold
 41905 | D:11     | Reached skill level 3 in Fire Magic
 42114 | D:12     | Found Zips's Armour Shop.
 42141 | D:12     | Identified the +2 robe of Wialedas {Regen+}
 42238 | D:12     | Reached skill level 4 in Fire Magic
 42452 | D:12     | Identified the +1 robe of the Farrier {rPois rCorr Int-5}
 42529 | D:12     | Reached skill level 5 in Fire Magic
 42564 | D:12     | You are cast into the Abyss!
 42564 | Abyss:3  | Cast into level 3 of the Abyss (an occultist)
 42584 | D:12     | You pass through the gate.
 42584 | D:12     | Escaped the Abyss
 42936 | D:12     | Reached skill level 6 in Fire Magic
 43631 | D:13     | Found a transporter.
 43639 | D:13     | Noticed cforsyth's ghost (adept DjFE)
 43654 | D:13     | Found a transporter.
 43890 | D:13     | Reached skill level 7 in Fire Magic
 45662 | D:14     | Found a gate to the Vaults.
 45803 | D:14     | Reached skill level 9 in Spellcasting
 45805 | D:14     | Reached XP level 15. HP: 126/126 MP: 7/32
 45807 | D:14     | Reached skill level 8 in Fire Magic
 45939 | D:14     | Learned a level 5 spell: Freezing Cloud
 46511 | D:14     | Reached skill level 1 in Ice Magic
 46547 | D:14     | Reached skill level 1 in Air Magic
 46655 | D:15     | Entered Level 15 of the Dungeon
 46698 | D:15     | Found Isacwuam's Book Boutique.
 46813 | D:15     | Reached skill level 9 in Fire Magic
 46881 | D:15     | Reached skill level 2 in Ice Magic
 46881 | D:15     | Reached skill level 2 in Air Magic
 46915 | D:15     | Found a staircase to the Depths.
 47484 | D:15     | Found Viser's Antique Armour Shoppe.
 47662 | D:15     | Found Pisui's Magic Scroll Boutique.
 47956 | Spider:1 | Entered Level 1 of the Spider Nest
 48002 | Spider:1 | Reached skill level 3 in Ice Magic
 48003 | Spider:1 | Reached skill level 3 in Air Magic
 48872 | Spider:1 | Reached skill level 4 in Ice Magic
 48872 | Spider:1 | Reached skill level 4 in Air Magic
 49358 | Spider:2 | Noticed Arachne
 49451 | Spider:2 | Reached skill level 10 in Fire Magic
 49454 | Spider:2 | Noticed Nikola
 49544 | Spider:2 | Noticed Jorgrun
 49550 | Spider:2 | Reached skill level 5 in Ice Magic
 49550 | Spider:2 | Reached skill level 5 in Air Magic
 49555 | Spider:1 | Killed Jorgrun
 50907 | Spider:1 | Killed Arachne
 52177 | Spider:2 | Killed Nikola
 52178 | Spider:2 | Reached XP level 16. HP: 118/135 MP: 6/34
 54905 | Spider:4 | Entered Level 4 of the Spider Nest
 54911 | Spider:4 | Reached skill level 11 in Dodging
 54913 | Spider:4 | Reached skill level 11 in Fighting
 55122 | Spider:4 | Reached skill level 10 in Spellcasting
 55204 | Spider:4 | Noticed Mara
 55368 | Spider:3 | Noticed Ruich's illusion
 55473 | Spider:2 | Noticed Ruich's illusion
 56420 | Spider:4 | Reached skill level 13 in Conjurations
 59035 | Spider:4 | Identified a scarf of resistance
 59051 | Spider:4 | Got a gossamer rune of Zot
 59586 | Orc:2    | Bought a book of Iron for 512 gold pieces
 59593 | Orc:2    | Learned a level 5 spell: Lee's Rapid Deconstruction
 59913 | Shoals:1 | Entered Level 1 of the Shoals
 60325 | Shoals:1 | Reached skill level 1 in Earth Magic
 60543 | Shoals:1 | Noticed Louise
 60551 | Shoals:1 | Killed Louise
 61094 | Shoals:1 | Noticed a kraken
 61120 | Shoals:1 | Killed a kraken
 61441 | Shoals:2 | Reached skill level 2 in Earth Magic
 61790 | Shoals:2 | Identified the +7 arbalest "Cebakk" {flame, Fly rPois rF+}
 62614 | Shoals:2 | Reached XP level 17. HP: 134/146 MP: 21/36
 62947 | Shoals:2 | Identified a potion of resistance
 63136 | Shoals:2 | Reached skill level 3 in Earth Magic
 63633 | Shoals:2 | Reached skill level 12 in Fighting
 63826 | Shoals:3 | Identified the +2 robe of the Constellations {-Tele rCorr
                  | Dex+2}
 64094 | Shoals:3 | Reached skill level 11 in Spellcasting
 64501 | Shoals:3 | Noticed Roxanne
 64597 | Shoals:3 | Reached skill level 4 in Earth Magic
 64898 | Shoals:3 | Reached skill level 5 in Earth Magic
 65206 | Shoals:3 | Killed Roxanne
 65292 | Shoals:4 | Entered Level 4 of the Shoals
 65455 | Shoals:4 | Reached skill level 6 in Earth Magic
 65954 | Shoals:3 | Reached skill level 7 in Earth Magic
 66258 | Shoals:4 | Got a barnacled rune of Zot
 66547 | Shoals:4 | Identified the +1 pearl dragon scales of Irksome Birdsong
                  | {rF- rC+ rN+ SInv}
 66552 | Shoals:4 | Reached skill level 8 in Earth Magic
 67413 | Shoals:4 | Identified the +6 whip "Kesuzom" {venom, Str+6 Int+2 SInv}
 67555 | Shoals:4 | Identified the +5 morningstar of Osussejonu {protect, rF+
                  | rC++ Int+2 Dex-4}
 67563 | Shoals:4 | Reached skill level 14 in Conjurations
 67838 | Shoals:4 | Reached skill level 9 in Earth Magic
 68120 | Vaults:1 | Entered Level 1 of the Vaults
 68938 | D:14     | Reached skill level 11 in Shields
 69111 | Vaults:1 | Noticed Saint Roka
 69130 | Vaults:1 | Reached XP level 18. HP: 144/154 MP: 17/38
 69213 | D:14     | Killed Saint Roka
 69368 | Vaults:1 | Paralysed by an orc sorcerer for 3 turns
 70012 | Vaults:1 | Paralysed by a formless jellyfish for 1 turns
 70134 | Vaults:1 | Learned a level 5 spell: Alistair's Intoxication
 70438 | Vaults:1 | Found Voseril's Jewellery Boutique.
 70656 | Vaults:1 | Reached skill level 10 in Earth Magic
 70959 | Vaults:1 | Reached skill level 1 in Evocations
 71727 | Vaults:1 | Reached skill level 2 in Evocations
 71776 | Vaults:2 | Reached skill level 12 in Spellcasting
 72236 | Vaults:2 | Reached skill level 15 in Conjurations
 72457 | Vaults:2 | Reached skill level 12 in Shields
 72467 | Vaults:2 | Reached skill level 3 in Evocations
 73290 | Vaults:2 | Found a large runed translucent door.
 73290 | Vaults:2 | Found a large runed translucent door.
 73291 | Vaults:2 | Noticed Pixtaico's ghost (adept FeNe)
 73299 | Vaults:2 | Killed Pixtaico's ghost
 73300 | Vaults:2 | Reached skill level 4 in Evocations
 74180 | Vaults:2 | Reached skill level 5 in Evocations
 75227 | Vaults:3 | Found a staircase to the Crypt.
 75437 | Vaults:3 | Gained mutation: You occasionally lose the ability to read
                  | scrolls when taking damage. [mutagenic glow]
 75466 | Vaults:3 | Lost mutation: You occasionally lose the ability to read
                  | scrolls when taking damage. [potion of mutation]
 75466 | Vaults:3 | Gained mutation: Your body sometimes deteriorates upon
                  | taking damage. [potion of mutation]
 75466 | Vaults:3 | Gained mutation: You are robust. (+10% HP) [potion of
                  | mutation]
 75563 | Vaults:3 | Reached skill level 13 in Shields
 75628 | Vaults:3 | Reached skill level 6 in Evocations
 75801 | Vaults:3 | Reached XP level 19. HP: 176/176 MP: 20/40
 76810 | Vaults:3 | Reached skill level 7 in Evocations
 77137 | Vaults:3 | Found a runed translucent gate.
 77139 | Vaults:3 | Found a runed translucent gate.
 77139 | Vaults:3 | Found a runed translucent gate.
 77140 | Vaults:3 | Noticed Onkach's ghost (adept DjEn)
 77776 | Vaults:3 | Reached skill level 14 in Shields
 78824 | Vaults:4 | Reached skill level 15 in Shields
 79110 | Vaults:4 | Found Kyuttot's General Store.
 79484 | Vaults:4 | Reached skill level 12 in Dodging
 80589 | Vaults:4 | Reached skill level 13 in Fighting
 81309 | Vaults:4 | Identified the +0 pair of gloves of Immorality {-Cast
                  | Dex+7}
 81364 | Vaults:4 | Learned a level 7 spell: Spellforged Servitor
 81713 | Vaults:4 | Bought a +2 scale mail of willpower for 420 gold pieces
 81914 | D:15     | Reached skill level 1 in Summonings
 81967 | Depths:1 | Entered Level 1 of the Depths
 82154 | Depths:1 | Reached skill level 1 in Armour
 82461 | D:15     | Reached skill level 2 in Summonings
 82671 | Depths:1 | Reached skill level 2 in Armour
 82807 | Depths:1 | Reached skill level 3 in Summonings
 82878 | D:15     | Reached XP level 20. HP: 146/188 MP: 24/41
 82915 | Depths:1 | Reached skill level 3 in Armour
 83366 | Depths:1 | Reached skill level 4 in Summonings
 83483 | Depths:1 | Reached skill level 4 in Armour
 83515 | Depths:1 | You fall into a shaft and drop 1 floor!
 83577 | Depths:1 | Found a gateway to Hell.
 84068 | Depths:1 | Reached skill level 5 in Summonings
 84314 | Depths:1 | Reached skill level 5 in Armour
 84457 | Depths:1 | Found a one-way gateway to a ziggurat.
 84501 | Depths:1 | Identified the +6 great mace "Impslayer" {flame, *Rage
                  | Int+5}
 84851 | Depths:2 | Reached skill level 6 in Summonings
 85321 | Depths:2 | Reached skill level 7 in Summonings
 85583 | Depths:2 | Reached skill level 8 in Summonings
 85990 | Depths:2 | Reached skill level 9 in Summonings
 86215 | Depths:2 | Noticed a caustic shrike
 86226 | Depths:2 | Killed a caustic shrike
 86337 | Depths:2 | Found a one-way gate leading to the halls of Pandemonium.
 86849 | Depths:3 | Reached skill level 10 in Summonings
 87214 | Depths:3 | Noticed Mennas
 87504 | Elf:1    | Entered Level 1 of the Elven Halls
 87515 | Orc:2    | Learned a level 6 spell: Bombard
 88528 | Elf:1    | Reached skill level 16 in Conjurations
 88967 | Elf:1    | Identified the +4 scale mail of Resonance {Harm}
 88995 | Elf:1    | Identified the +7 long sword "Wewna" {drain, ^Contam +Blink
                  | Str+5}
 89240 | Elf:1    | Reached XP level 21. HP: 195/195 MP: 9/42
 89571 | Elf:1    | Found Foris's General Store.
 90106 | Elf:1    | Found a portal to a secret trove of treasure.
 90355 | Elf:1    | Got the Guidebook on Vitriol
 90357 | Elf:1    | Got the Handbook of Prima Materia
 90693 | Elf:2    | Reached skill level 17 in Conjurations
 91419 | Elf:2    | Found a runed translucent gate.
 91422 | Elf:2    | Found a runed translucent gate.
 91422 | Elf:2    | Found a runed translucent gate.
 91806 | Elf:3    | Entered Level 3 of the Elven Halls
 92199 | Elf:3    | Noticed Bai Suzhen
 92205 | Elf:3    | Killed Bai Suzhen
 92206 | Elf:3    | Reached skill level 11 in Earth Magic
 93564 | Elf:3    | Identified the +2 robe of the Valley {Str+3}
 93564 | Elf:3    | Noticed Boris
 94869 | Elf:3    | Identified the +6 short sword "Jigewer" {freeze, rPois}
 94869 | Elf:3    | Identified the ring "Qorghobe" {rPois rF++ rCorr EV+5
                  | Str-4}
 95679 | Elf:3    | Killed Boris
 95680 | Elf:3    | Reached skill level 12 in Earth Magic
 95830 | Elf:3    | Identified the ring of Xom's Amusement {Str+6 Slay+5}
 95890 | Elf:3    | Identified the +2 robe of the Lost Path {rC- Will++ Int+2}
 96817 | Elf:3    | Identified the +0 chain mail "Mymiw" {Rampage rF+ rN+
                  | Int+3}
 97680 | Elf:3    | Identified the +1 robe of Ashenzari's Whim {rN+}
 97860 | Elf:3    | Paralysed by an air elemental for 1 turns
 98921 | Elf:3    | Reached skill level 13 in Earth Magic
 99134 | Elf:3    | Identified the staff "Ozext" {rF+ rN+ Fire}
 99151 | Elf:3    | Identified the +0 cloak of the Imp {+Inv rElec rN+ Slay+2}
 99343 | Elf:3    | Learned a level 8 spell: Lehudib's Crystal Spear
 99849 | Depths:3 | Killed Mennas
 99850 | Depths:3 | Reached skill level 18 in Conjurations
100675 | Depths:3 | Found a one-way gate to the infinite horrors of the Abyss.
101529 | Depths:4 | Entered Level 4 of the Depths
101529 | Depths:4 | Identified the +4 robe of Peek-a-Boo {rN+ Will- Dex+3}
101529 | Depths:4 | Noticed Boris
101539 | Depths:3 | Killed Boris
101540 | Depths:3 | Reached skill level 14 in Earth Magic
101540 | Depths:3 | Reached XP level 22. HP: 122/203 MP: 4/43
101771 | Depths:3 | Identified the +3 arbalest of Equivalence {penet, Will+}
104362 | Depths:4 | Found Unonu's Book Shop.
104362 | Depths:4 | Found Qoimp's Jewellery Shoppe.
104363 | Depths:4 | Found Ogoxa's Jewellery Shoppe.
105220 | Depths:4 | Noticed a caustic shrike
105230 | Depths:3 | Killed a caustic shrike
105492 | Depths:4 | Noticed a caustic shrike
105493 | Depths:4 | Noticed a caustic shrike
105499 | Depths:3 | Killed a caustic shrike
105615 | Depths:4 | Noticed a juggernaut
105695 | Depths:4 | Noticed a caustic shrike
105708 | Depths:3 | Killed a caustic shrike
105709 | Depths:3 | Reached skill level 13 in Dodging
106205 | Depths:3 | Killed a juggernaut
106740 | Depths:3 | Found a one-way gate to the infinite horrors of the Abyss.
106921 | Depths:3 | Killed a caustic shrike
107363 | Depths:4 | Reached skill level 15 in Earth Magic
108350 | Depths:4 | Found a gate to the Realm of Zot.
108384 | Depths:4 | Learned a level 2 spell: Sublimation of Blood
108821 | Orc:2    | Bought Great Wizards, Vol. II for 608 gold pieces
109189 | Vaults:5 | Entered Level 5 of the Vaults
109192 | Vaults:5 | Noticed an ancient lich
110533 | Vaults:5 | Killed an ancient lich
110534 | Vaults:5 | Reached skill level 14 in Fighting
110534 | Vaults:5 | Reached skill level 19 in Conjurations
110821 | Vaults:5 | Identified the +2 falchion "Raxiehyv" {freeze, rF+ Str+3
                  | Dex-4}
111354 | Vaults:5 | Found the amulet of the Four Winds {rN+ Will+++ Clar}
111614 | Vaults:5 | Got Sif Muna's Anthology of Seismic Misfortune
111616 | Vaults:5 | Identified the dragon-blood talisman of the Slorg {+Blink
                  | rN+}
111874 | Vaults:5 | Identified a scroll of acquirement
112033 | Vaults:5 | Reached skill level 14 in Dodging
112152 | Vaults:5 | Reached XP level 23. HP: 190/215 MP: 19/45
112266 | Vaults:5 | Got a silver rune of Zot
112291 | Vaults:5 | Identified the ring "Ynniox" {Fly rF+ rC++ Dex+6}
112739 | Vaults:5 | Reached skill level 13 in Spellcasting
113100 | Vaults:5 | Reached skill level 15 in Fighting
113203 | Vaults:5 | Noticed an ancient lich
113209 | Vaults:5 | Killed an ancient lich
113467 | Vaults:5 | Identified the +4 scale mail of the Lily {Rampage *Corrode
                  | Will+ Int+6}
114206 | Orc:2    | Bought a +0 tower shield of protection for 149 gold pieces
114242 | Orc:2    | Acquired 790 gold pieces
114365 | Orc:2    | Learned a level 5 spell: Borgnjor's Vile Clutch
114695 | Zot:1    | Entered Level 1 of the Realm of Zot
115656 | Zot:1    | Reached skill level 15 in Dodging
115916 | Zot:1    | Reached skill level 20 in Conjurations
116040 | Zot:1    | Reached skill level 6 in Stealth
116559 | Zot:1    | Noticed Vv
116570 | Zot:1    | Killed Vv
116896 | Zot:2    | You fall into a shaft and drop 1 floor!
116904 | Zot:3    | Noticed Ruich's ghost (veteran DgCj)
117146 | Zot:3    | Found a runed translucent door.
117149 | Zot:2    | Noticed an orb of fire
117153 | Zot:2    | Killed an orb of fire
117156 | Zot:2    | Noticed an electric golem
117201 | Zot:2    | Killed an electric golem
118242 | Zot:3    | Noticed a curse toe
118246 | Zot:3    | Killed a curse toe
118408 | Zot:3    | Reached XP level 24. HP: 159/227 MP: 29/46
118927 | Zot:3    | Reached skill level 16 in Earth Magic
120121 | D:15     | Bought a scroll of teleportation for 45 gold pieces
120121 | D:15     | Bought a scroll of vulnerability for 60 gold pieces
120121 | D:15     | Bought a scroll of enchant armour for 112 gold pieces
122733 | Zot:3    | Noticed a dread lich
122801 | Zot:3    | Reached skill level 21 in Conjurations
124234 | Zot:3    | Noticed a curse toe
124238 | Zot:3    | Killed a curse toe
125734 | Zot:3    | Killed a dread lich
126059 | Zot:3    | Identified the +2 leather armour of the Armadillo {rPois
                  | Str+5}
126633 | Zot:4    | Noticed a curse toe
126641 | Zot:4    | Killed a curse toe
126691 | Zot:4    | Reached skill level 17 in Earth Magic
127443 | Zot:4    | Reached skill level 7 in Stealth
127944 | Zot:4    | Noticed a curse toe
127964 | Zot:4    | Reached skill level 6 in Armour
128245 | Zot:4    | Killed a curse toe
128246 | Zot:4    | Reached skill level 8 in Stealth
129259 | Zot:5    | Entered Level 5 of the Realm of Zot
129347 | Zot:4    | HP: 10/231 [ettin[a protean progenitor] (50)]
129348 | Zot:4    | HP: 3/231 [ettin[a protean progenitor] (32)]
129349 | Zot:4    | Demolished by an ettin

Vanquished Creatures
  A dread lich (Zot:3)
  An orb of fire (Zot:2)
  An ancient lich (Vaults:5)
  Mennas (Depths:3)
  Boris (Depths:3)
  Saint Roka (D:14)
  Bai Suzhen (Elf:3)
  4 curse toes
  4 caustic shrikes
  Nikola (Spider:2)
  6 golden dragons
  Arachne (Spider:1)
  An electric golem (Zot:2)
  Jorgrun (Spider:1)
  6 tentacled monstrosities
  6 quicksilver dragons
  2 liches
  2 titans (Vaults:5)
  5 death cobs
  3 deep elf master archers (Elf:3)
  A walking frostbound tome (Depths:3)
  A deep elf blademaster (Elf:3)
  A kraken (Shoals:1)
  4 sphinxes
  9 tengu reavers
  9 storm dragons
  8 shadow dragons
  9 fire giants
  Roxanne (Shoals:3)
  4 protean progenitors
  7 frost giants
  A draconian monk (Zot:3)
  5 draconian knights
  9 deep elf sorcerers
  5 draconian shifters
  10 vault wardens
  5 deep elf elementalists (Elf:3)
  2 iron dragons (Vaults:5)
  3 draconian scorchers
  5 ghost moths
  Louise (Shoals:1)
  25 ironbound preservers
  2 broodmothers (Spider:1)
  A spriggan defender (Depths:3)
  A ghoul (Vaults:3)
  2 orc warlords
  5 emperor scorpions
  2 draconian stormcallers (Zot:3)
  An angel (Shoals:4)
  A formless jellyfish (Vaults:1)
  16 very ugly things
  The ghost of Pixtaico the Unseen, an adept FeNe of Elyvilon (Vaults:2)
  7 ironbound thunderhulks
  8 draconian annihilators
  4 vampire knights
  19 stone giants
  6 green draconians
  4 deep elf death magi
  14 deep elf annihilators
  7 deep elf demonologists
  3 war gargoyles (Vaults:5)
  A minotaur (Shoals:2)
  8 dire elephants
  16 yellow draconians
  9 purple draconians
  10 spark wasps
  5 white draconians
  A bunyip (Zot:3)
  5 black draconians
  6 red draconians
  A crystal guardian (Vaults:2)
  16 merfolk impalers
  10 merfolk javelineers
  A jiangshi (Vaults:3)
  12 fire dragons
  9 ettins
  An eidolon (Vaults:3)
  6 entropy weavers
  6 deep elf high priests
  Harold (D:11)
  17 yaktaur captains
  6 ice dragons
  4 rakshasas
  A peacekeeper (Vaults:2)
  5 great orbs of eyes
  7 jorogumos
  2 alligators (Zot:3)
  An alligator (shapeshifter) (Vaults:5)
  2 spriggan air magi (Depths:1)
  Erolcha (D:9)
  2 catoblepae
  7 hydras
  32 vault guards
  A radroach (Spider:1)
  6 two-headed ogres
  17 centaur warriors
  15 ironbound frosthearts
  2 merfolk avatars
  15 dancing weapons
  4 merfolk aquamancers
  A two-headed ogre (shapeshifter) (Vaults:5)
  2 alligator snapping turtles
  A satyr (Shoals:2)
  7 deep troll shamans
  9 tengu warriors
  16 boulder beetles
  10 deep troll earth magi
  A sphinx skeleton (D:15)
  Urug (D:10)
  10 spriggan berserkers
  6 orc high priests
  9 demonic crawlers
  13 deep elf knights
  A vampire mage (Depths:1)
  A shock serpent (shapeshifter) (Vaults:4)
  3 occultists
  A skyshark (shapeshifter) (Vaults:5)
  7 hell knights
  8 iron trolls
  3 pharaoh ants
  2 skysharks
  A sea snake (shapeshifter) (Vaults:5)
  4 skeletal warriors
  4 cherubim (Shoals:4)
  8 orb spiders
  77 deep trolls
  A spectral anaconda (Lair:5)
  18 sea snakes
  3 swamp dragons (Zot:4)
  9 arcanists
  A steelbarb worm (shapeshifter) (Vaults:5)
  A shining eye (shapeshifter) (Vaults:5)
  4 phantasmal warriors (Vaults:5)
  5 glowing orange brains
  5 lindwurms
  4 steelbarb worms
  13 deep elf archers
  13 harpies
  2 flayed ghosts
  An obsidian statue (Lair:5)
  A mana viper (shapeshifter) (Vaults:5)
  11 nameless horrors
  11 necromancers
  13 orc sorcerers
  21 deep elf zephyrmancers
  Pikel (D:5)
  26 ironbound convokers
  12 orc knights
  34 deep elf pyromancers
  A tengu skeleton (Vaults:4)
  22 wolf spiders
  8 fauns
  9 cyclopes
  11 manticores
  30 ugly things
  2 dire elephant zombies (Lair:5)
  12 meliai
  A stone giant skeleton (Vaults:2)
  19 moths of wrath
  18 elephants
  22 vault sentinels
  5 water nymphs
  11 merfolk sirens
  2 kobold blastminers (Orc:2)
  4 black mambas
  8 torpor snails
  A cane toad (shapeshifter) (Elf:1)
  A molten gargoyle (D:15)
  3 gargoyles
  15 cane toads
  14 komodo dragons
  Jeremiah (D:8)
  A yaktaur zombie (Vaults:2)
  3 elf skeletons
  28 yaktaurs
  2 rime drakes
  A kobold demonologist (D:10)
  5 tengu conjurers
  25 merfolk
  5 trolls
  A troll (shapeshifter) (Elf:1)
  15 tarantellas
  A queen bee (shapeshifter) (Elf:1)
  6 hornets
  A shadow dragon simulacrum (Vaults:1)
  3 wind drakes
  8 blink frogs
  Prince Ribbit (D:8)
  2 polar bears
  2 glass eyes
  12 snapping turtles
  A spectral elephant (Lair:5)
  A glass eye (shapeshifter) (Depths:3)
  9 dream sheep
  An air elemental (Elf:3)
  33 slime creatures
  18 culicivoras
  2 ettin skeletons
  22 jumping spiders
  2 spriggans
  A spriggan skeleton (D:15)
  2 vampires (D:10)
  A wyvern (shapeshifter) (D:14)
  A dire elephant simulacrum (Lair:5)
  9 water elementals
  2 wyverns
  4 basilisks
  3 fire elementals
  A human (shapeshifter) (Elf:1)
  2 wraiths
  Grum (D:8)
  40 redbacks
  64 yaks
  A steam dragon (D:6)
  4 wargs (Orc:1)
  Eustachio (D:6)
  8 vampire mosquitoes
  Menkaure (D:6)
  Edmund (D:5)
  A spectral cane toad (Lair:5)
  10 water moccasins
  A water moccasin (shapeshifter) (Depths:3)
  Duvessa (D:7)
  3 black bears
  23 orc warriors
  2 sky beasts
  A black bear (shapeshifter) (Elf:1)
  3 ice beasts
  2 laughing skulls (D:15)
  A crocodile (shapeshifter) (D:15)
  2 elephant skeletons (Lair:5)
  6 ogres
  5 boggarts (D:15)
  19 wolves
  18 centaurs
  4 lemures (D:5)
  A phantom (D:6)
  2 kobold brigands
  A gnoll sergeant (D:7)
  14 bullfrogs
  An earth elemental (Elf:1)
  An ogre simulacrum (Vaults:4)
  7 scorpions
  2 human skeletons
  Dowan (D:7)
  2 elephant simulacra (Lair:5)
  7 howler monkeys
  A vampire bat (D:3)
  A jelly (D:6)
  An electric eel (Spider:2)
  A lava snake (D:15)
  4 gnoll boudas
  4 hounds
  A bombardier beetle (D:6)
  17 orc priests
  3 iguanas
  39 orc wizards
  28 gnolls
  6 adders
  4 dart slugs
  3 fire bats (D:3)
  71 orcs
  2 spectral bats (D:3)
  11 ball pythons
  12 bats
  3 bat skeletons (D:3)
  A bat zombie (D:3)
  5 endoplasms
  4 giant cockroaches
  19 goblins
  12 hobgoblins
  5 jackals (D:1)
  11 kobolds
  2 quokkas
  A bat simulacrum (D:3)
  3 frilled lizards
  6 rats
  2 fulminant prisms
1967 creatures vanquished.

Vanquished Creatures (collateral kills)
  An ancient lich (Vaults:5)
  A juggernaut (Depths:3)
  Vv (Zot:1)
  Boris (Elf:3)
  A caustic shrike (Depths:3)
  6 tentacled monstrosities
  2 quicksilver dragons (Zot:3)
  A titan (Vaults:5)
  A sphinx (Depths:3)
  A deep elf blademaster (Elf:3)
  6 storm dragons
  A tengu reaver (Vaults:5)
  5 shadow dragons
  2 protean progenitors
  An iron dragon (Depths:4)
  2 draconian knights
  A frost giant (Depths:4)
  3 draconian scorchers (Zot:3)
  A draconian shifter (Zot:2)
  4 vault wardens (Vaults:5)
  2 deep elf sorcerers (Elf:3)
  A draconian stormcaller (Zot:3)
  2 draconian annihilators
  An ironbound preserver (Vaults:5)
  5 green draconians
  A stone giant (Depths:3)
  2 deep elf demonologists (Elf:3)
  6 yellow draconians
  A spark wasp (Depths:4)
  2 black draconians
  A war gargoyle (Vaults:5)
  3 purple draconians
  2 deep elf annihilators (Elf:3)
  5 white draconians
  2 red draconians
  A deep elf death mage (Vaults:5)
  An ettin (Vaults:5)
  A fire dragon (Depths:3)
  2 deep elf high priests
  An entropy weaver (shapeshifter) (Elf:1)
  An ice dragon (Depths:3)
  A yaktaur captain (Vaults:5)
  2 ogre magi (Vaults:5)
  13 vault guards
  A deep troll shaman (Depths:3)
  7 dancing weapons
  A vampire mage (Depths:3)
  3 deep troll earth magi
  A boulder beetle (Zot:4)
  A shock serpent (shapeshifter) (Vaults:5)
  5 deep elf knights
  An iron troll (Depths:4)
  10 deep trolls
  An ironbound convoker (Vaults:5)
  2 nameless horrors (Elf:3)
  6 deep elf zephyrmancers
  A necromancer (Depths:4)
  2 orc knights (Vaults:5)
  3 deep elf archers
  A sun moth (shapeshifter) (Vaults:5)
  7 deep elf pyromancers
  An orc sorcerer (Vaults:5)
  A wolf spider (shapeshifter) (Depths:3)
  3 elephants (Lair:5)
  3 moths of wrath (Zot:3)
  A meliai (shapeshifter) (Elf:1)
  3 yaktaurs (Vaults:5)
  A troll (Vaults:5)
  A glass eye (shapeshifter) (Vaults:5)
  A tarantella (Spider:4)
  A culicivora (shapeshifter) (Vaults:5)
  4 fire elementals
  2 water elementals
  An orc warrior (Vaults:5)
  A wolf (Lair:5)
  2 ogres (Vaults:5)
  An earth elemental (Elf:1)
  3 orcs
  An aspiring flesh (Zot:3)
185 creatures vanquished.

Vanquished Creatures (others)
  A draconian stormcaller (Zot:4)
  A merfolk aquamancer (Shoals:4)
  A deep elf knight (Elf:3)
  A black mamba (Lair:5)
  362 fulminant prisms
  8 tentacles (Shoals:1)
374 creatures vanquished.

Grand Total: 2526 creatures vanquished

Table legend: (Time is in decaauts)
 A = Elapsed time spent in this place.
 B = Non-inter-level travel time spent in this place.
 C = Inter-level travel time spent in this place.
 D = Time resting spent in this place.
 E = Time spent auto-exploring this place.
 F = Levels seen in this place.
 G = Mean time per level.
                   A        B        C        D        E       F      G
               +--------+--------+--------+--------+--------+-----+--------+
         Total | 130076 | 123678 |   6398 |  72261 |  23699 |  49 | 2654.6 |
       Dungeon |  28324 |  26249 |   2075 |  13810 |   7868 |  15 | 1888.3 |
          Lair |  18017 |  17374 |    643 |  10512 |   3709 |   5 | 3603.4 |
        Shoals |   8265 |   8065 |    200 |   4933 |   1293 |   4 | 2066.2 |
   Spider Nest |  11242 |  10834 |    408 |   6606 |   2054 |   4 | 2810.5 |
  Orcish Mines |   4993 |   4380 |    613 |   2304 |    798 |   2 | 2496.5 |
   Elven Halls |  11316 |  11049 |    267 |   6859 |   1608 |   3 | 3772.0 |
        Vaults |  17971 |  17256 |    715 |   9103 |   2791 |   5 | 3594.2 |
        Depths |  14138 |  13237 |    901 |   7767 |   2797 |   4 | 3534.5 |
           Zot |  14305 |  13732 |    573 |   9026 |    780 |   5 | 2861.0 |
         Abyss |     19 |     19 |      0 |      0 |      0 |   1 |   19.0 |
        Bailey |   1483 |   1483 |      0 |   1339 |      0 |   1 | 1483.0 |
               +--------+--------+--------+--------+--------+-----+--------+

Top non-repeatable levels by time:
   Zot:3: 8381 daAuts
   Elf:3: 7023 daAuts
Depths:3: 6135 daAuts
  Lair:4: 5023 daAuts
Vaults:5: 4733 daAuts
  Lair:5: 4363 daAuts
Vaults:3: 4167 daAuts
Spider:1: 3736 daAuts
    D:10: 3460 daAuts
  Lair:3: 3363 daAuts
   Orc:2: 3242 daAuts
Spider:4: 3222 daAuts
Depths:2: 3191 daAuts
Vaults:4: 3163 daAuts
Vaults:2: 2991 daAuts

Table legend:
 A = Non-vault XP
 B = Vault XP
 C = Vault XP percentage of total XP
 D = Non-vault monster count
 E = Vault monster count
 F = Vault count percentage of total count
                 A         B        C        D         E       F
            +---------+---------+-------+---------+---------+-------
      Total |  754033 |  546314 |  42.0 |    1396 |     740 |  34.6
            +---------+---------+-------+---------+---------+-------
        D:1 |      69 |       9 |  11.5 |      24 |       4 |  14.3
        D:2 |      84 |       0 |   0.0 |      19 |       0 |   0.0
        D:3 |     147 |     198 |  57.4 |      15 |      20 |  57.1
        D:4 |     175 |       0 |   0.0 |      14 |       0 |   0.0
        D:5 |    1117 |     761 |  40.5 |      25 |       2 |   7.4
        D:6 |    1406 |     791 |  36.0 |      17 |       9 |  34.6
        D:7 |     771 |     339 |  30.5 |      16 |       3 |  15.8
        D:8 |     999 |    1317 |  56.9 |      21 |       7 |  25.0
        D:9 |    1980 |    2868 |  59.2 |      34 |       5 |  12.8
       D:10 |    5196 |     810 |  13.5 |      30 |       5 |  14.3
       D:11 |    3005 |     885 |  22.8 |      21 |       1 |   4.5
       D:12 |    8182 |    6784 |  45.3 |      24 |      11 |  31.4
       D:13 |    4692 |    1927 |  29.1 |      13 |       9 |  40.9
       D:14 |   14233 |   13529 |  48.7 |      25 |      15 |  37.5
       D:15 |    6173 |    8477 |  57.9 |      25 |      11 |  30.6
     Lair:1 |    4534 |       0 |   0.0 |      22 |       0 |   0.0
     Lair:2 |    8032 |     579 |   6.7 |      20 |       3 |  13.0
     Lair:3 |    7330 |     452 |   5.8 |      29 |       1 |   3.3
     Lair:4 |   13433 |     612 |   4.4 |      39 |       5 |  11.4
     Lair:5 |    9771 |   10154 |  51.0 |      27 |      24 |  47.1
   Shoals:1 |   13548 |    1176 |   8.0 |      24 |       1 |   4.0
   Shoals:2 |   17580 |    7074 |  28.7 |      37 |      13 |  26.0
   Shoals:3 |   11704 |    9750 |  45.4 |      28 |      12 |  30.0
   Shoals:4 |    7423 |   27223 |  78.6 |      13 |      38 |  74.5
   Spider:1 |   21544 |    3947 |  15.5 |      49 |       2 |   3.9
   Spider:2 |   17764 |    2567 |  12.6 |      45 |       1 |   2.2
   Spider:3 |   18469 |     266 |   1.4 |      37 |       1 |   2.6
   Spider:4 |    6239 |   18554 |  74.8 |      12 |      38 |  76.0
      Orc:1 |    4809 |       0 |   0.0 |      35 |       0 |   0.0
      Orc:2 |    7554 |    9845 |  56.6 |      39 |      25 |  39.1
      Elf:1 |   17942 |   32120 |  64.2 |      28 |      52 |  65.0
      Elf:2 |   16212 |    4154 |  20.4 |      25 |       5 |  16.7
      Elf:3 |   20489 |   53111 |  72.2 |      31 |      44 |  58.7
   Vaults:1 |   31109 |   28164 |  47.5 |      49 |      39 |  44.3
   Vaults:2 |   25344 |    7250 |  22.2 |      34 |      11 |  24.4
   Vaults:3 |   27851 |   25643 |  47.9 |      37 |      42 |  53.2
   Vaults:4 |   29274 |   33881 |  53.6 |      39 |      51 |  56.7
   Vaults:5 |   39108 |  118230 |  75.1 |      64 |     104 |  61.9
   Depths:1 |   23923 |   16446 |  40.7 |      30 |      18 |  37.5
   Depths:2 |   41807 |   14009 |  25.1 |      47 |      14 |  23.0
   Depths:3 |   63455 |   20626 |  24.5 |      59 |      18 |  23.4
   Depths:4 |   24920 |   11396 |  31.4 |      29 |      12 |  29.3
      Zot:1 |   44877 |    4273 |   8.7 |      40 |       3 |   7.0
      Zot:2 |   25109 |       0 |   0.0 |      17 |       0 |   0.0
      Zot:3 |   58387 |   38627 |  39.8 |      51 |      29 |  36.2
      Zot:4 |   46263 |    7201 |  13.5 |      37 |       6 |  14.0
     Bailey |       0 |     289 | 100.0 |       0 |      26 | 100.0
            +---------+---------+-------+---------+---------+-------
